Map: Triton LE

Players

TIME (Oliveira)

  • Race: Terran Terran
  • Spawn Location: 11:00

Neeb - Winner!

  • Race: Protoss Protoss
  • Spawn Location: 5:00

VOD

Have the link to the VOD?

Description

Time

  • Played on: Sept. 8, 2019, 12:08 p.m.
  • Length: 9:49
Show
View Real Time Build Order
Export as new Build Order

TIME Terran 

Build Orders: Reaper Expand 

Get SALT Encoding   

  12  0:00  SCV  
  13  0:13  SCV  
  14  0:17  Supply Depot  
  14  0:25  SCV  
  15  0:39  SCV  
  15  0:41  Barracks  
  16  0:45  Refinery  
  16  0:51  SCV  
  17  1:03  SCV  
  18  1:15  SCV  
  19  1:29  Orbital Command, Reaper  
  20  1:42  Command Center  
  20  1:47  Supply Depot  
  20  1:54  SCV  
  20  1:59  Refinery  
  21  2:02  Barracks Reactor  
  21  2:06  SCV  
  22  2:16  Bunker  
  22  2:18  SCV  
  22  2:22  Factory  
  23  2:30  SCV  
  24  2:39  Marine x2  
  24  2:43  SCV  
  27  2:55  Orbital Command, SCV  
  27  2:57  Marine x2  
  30  3:06  Factory Tech Lab  
  30  3:07  Starport, SCV  
  31  3:14  Marine  
  31  3:15  Marine  
  31  3:19  SCV  
  34  3:20  SCV  
  35  3:28  Supply Depot  
  35  3:31  SCV  
  35  3:32  Marine, Factory Tech Lab  
  35  3:33  SCV, Marine  
  39  3:43  SCV  
  39  3:46  Barracks, SCV  
  41  3:51  Siege Tank  
  41  3:52  Raven  
  46  3:56  Marine  
  46  3:57  SCV  
  46  3:59  Supply Depot  
  46  4:00  Marine  
  46  4:02  SCV  
  50  4:09  SCV  
  51  4:13  Refinery  
  51  4:14  Marine, SCV  
  53  4:21  SCV  
  53  4:22  Engineering Bay  
  53  4:23  Marine  
  55  4:24  Siege Tank  
  55  4:26  SCV  
  55  4:31  Refinery  
  59  4:33  SCV  
  59  4:38  Barracks, SCV  
  61  4:40  Supply Depot  
  61  4:41  Stimpack  
  61  4:45  SCV  
  61  4:46  Supply Depot  
  61  4:50  Terran Infantry Weapons Level 1  
  62  4:57  Starport Reactor  
  62  5:01  Marine x3  
  62  5:02  SCV x2  
  62  5:04  Supply Depot  
  67  5:09  Supply Depot, Siege Tank  
  71  5:14  SCV  
  71  5:15  SCV  
  71  5:19  Marine x2  
  71  5:20  Marauder  
  72  5:29  SCV x2  
  72  5:33  Supply Depot  
  74  5:37  Medivac x2, Marine  
  78  5:43  SCV  
  78  5:45  Barracks Tech Lab, Missile Turret  
  78  5:47  Marine  
  78  5:48  Marauder  
  78  5:49  SCV  
  81  5:54  Siege Tank  
  81  5:55  SCV  
  85  5:59  Marine  
  86  6:05  Combat Shield, Marine  
  86  6:06  Marauder  
  86  6:09  Marauder  
  89  6:16  Marine  
  89  6:17  Medivac  
  92  6:22  SCV  
  92  6:23  Marine  
  92  6:24  Supply Depot  
  94  6:25  Command Center  
  94  6:27  Marine  
  95  6:44  Marine x2  
  95  6:45  Marauder  
  95  6:46  Siege Tank  
  102  6:53  Marine  
  98  7:02  Marine  
  98  7:04  Marine  
  98  7:06  Marauder  
  101  7:11  Concussive Shells  
  101  7:12  SCV x2  
  96  7:15  Barracks  
  96  7:16  Medivac x2  
  96  7:18  Barracks  
  86  7:23  Marine  
  86  7:24  Marauder  
  86  7:26  Siege Tank  
  86  7:28  SCV  
  93  7:30  Marine x2  
  93  7:33  SCV  
  96  7:40  SCV  
  96  7:41  Marine  
  88  7:46  Marauder  
  88  7:47  Marine  
  88  7:48  Viking, Marine  
  88  7:49  Viking  
  88  7:50  Orbital Command  
  88  7:51  SCV  
  94  7:52  SCV  
  94  7:53  Terran Infantry Armor Level 1  
  95  7:59  Armory, Marine  
  95  8:00  Siege Tank, Engineering Bay  
  95  8:04  SCV x2  
  101  8:06  Barracks Tech Lab, Barracks Reactor  
  101  8:09  Marauder, Marine  
  104  8:16  SCV  
  105  8:24  Viking  
  103  8:27  SCV x2, Marine x2  
  103  8:28  Marauder  
  103  8:31  SCV  
  110  8:34  Supply Depot  
  110  8:35  Siege Tank, Missile Turret  
  110  8:37  Marine  
  110  8:38  Supply Depot  
  110  8:40  SCV x2  
  116  8:43  Marine x2  
  116  8:46  SCV  
  121  8:52  Marauder  
  121  8:53  Marine  
  124  8:56  Viking  
  124  8:59  Supply Depot, Refinery, Marine  
  124  9:00  Refinery  
  124  9:01  SCV x2  
  127  9:02  Viking  
  127  9:06  Marine x2  
  127  9:07  Marauder  
  127  9:09  SCV  
  134  9:18  Marine  
  134  9:19  Marauder, Marine  
  134  9:20  Marine  
  133  9:24  Marine  
  133  9:27  Marine  
  133  9:28  Marauder  
  116  9:35  SCV  
  116  9:36  SCV  
Show
View Real Time Build Order
Export as new Build Order

Neeb Protoss - Winner!

Build Orders: 1 Gate Expand, Colossus Rush 

Get SALT Encoding   

  12  0:00  Probe  
  13  0:12  Probe  
  14  0:18  Pylon  
  14  0:24  Probe  
  15  0:32  Probe  
  15  0:37  Gateway  
  15  0:40  Probe  
  16  0:47  Assimilator  
  17  0:51  Probe  
  18  1:03  Probe  
  19  1:15  Probe  
  20  1:23  Nexus  
  20  1:33  Cybernetics Core  
  20  1:36  Probe  
  21  1:42  Assimilator  
  21  1:48  Probe  
  21  1:51  Pylon  
  22  1:59  Adept  
  22  2:00  Probe  
  23  2:12  Robotics Facility  
  23  2:13  Probe  
  26  2:19  Warp Gate  
  26  2:22  Stalker  
  26  2:25  Probe  
  29  2:33  Probe  
  30  2:37  Probe  
  30  2:41  Probe  
  31  2:49  Probe x2, Adept  
  33  2:57  Observer  
  36  3:01  Probe x2  
  39  3:13  Pylon, Probe  
  39  3:14  Probe  
  39  3:16  Robotics Bay  
  39  3:17  Warp Prism  
  41  3:25  Probe  
  41  3:26  Probe  
  45  3:37  Probe  
  45  3:38  Probe  
  47  3:41  Assimilator  
  47  3:43  Assimilator  
  47  3:46  Gateway  
  47  3:48  Gateway  
  47  3:49  Probe  
  47  3:50  Probe  
  47  3:55  Gravitic Drive  
  49  4:01  Probe  
  49  4:02  Disruptor  
  50  4:05  Probe  
  54  4:11  Pylon  
  54  4:23  Pylon  
  54  4:28  Nexus  
  54  4:29  Probe x2  
  56  4:32  Pylon  
  56  4:34  Colossus  
  56  4:41  Probe  
  56  4:45  Probe  
  64  4:51  Sentry  
  66  4:54  Probe, Twilight Council  
  66  4:59  Extended Thermal Lance  
  67  5:00  Probe  
  67  5:04  Stalker  
  67  5:06  Probe  
  71  5:12  Charge  
  71  5:13  Probe  
  72  5:18  Probe  
  73  5:25  Probe  
  74  5:29  Colossus  
  74  5:30  Probe  
  75  5:35  Pylon  
  75  5:38  Pylon  
  81  5:51  Gateway  
  81  5:52  Gateway  
  81  5:53  Gateway  
  81  5:54  Gateway  
  81  5:55  Gateway  
  81  5:56  Sentry  
  83  6:03  Zealot x2  
  87  6:16  Shield Battery  
  87  6:17  Pylon  
  87  6:19  Shield Battery  
  87  6:20  Stalker  
  87  6:22  Probe x2  
  91  6:36  Zealot x2  
  91  6:37  Colossus  
  101  6:44  Zealot  
  98  6:47  Zealot  
  98  6:48  Zealot x3  
  104  6:54  Pylon  
  104  6:55  Pylon x2  
  86  7:06  Zealot x3  
  86  7:07  Zealot  
  74  7:10  Zealot x4  
  66  7:28  Zealot, Stalker x2  
  66  7:29  Zealot  
  74  7:31  Colossus, Templar Archives, Zealot x2  
  74  7:32  Zealot  
  74  7:35  Pylon  
  80  7:40  Probe  
  81  7:47  Probe x2  
  81  7:53  Sentry, Stalker  
  81  7:54  Stalker  
  81  7:58  Zealot x2  
  91  8:07  High Templar x2  
  91  8:09  Zealot  
  91  8:12  Archon  
  97  8:16  Immortal  
  97  8:17  Zealot, High Templar x2  
  103  8:22  Archon  
  105  8:34  Zealot x3  
  111  8:42  Zealot x3  
  111  8:44  Pylon  
  111  8:46  Immortal  
  117  8:52  Zealot x2  
  125  8:56  Zealot  
  125  8:57  Zealot  
  125  8:59  High Templar  
  131  9:04  Zealot x2, High Templar  
  131  9:09  Archon  
  137  9:13  Pylon  
  137  9:14  Pylon  
  137  9:23  Zealot x2  
  141  9:26  Zealot x3  
  121  9:41  Zealot x3  
  121  9:44  Zealot  
Tags
 
Add a new tag
Caveats
  • Supply blocks, unpowered buildings, or Contaminate may cause inaccurate times.
  • Supply counts are checked every 10 seconds.